AAA
CALGARY CANNONS @ MADISONVILLE MINERS
05/04/1980
 
TOP OF THE 1ST
Calgary Cannons batting - Pitching for Madisonville Miners : RHP Mark Breitenbach
Pitching: RHP Mark Breitenbach
Batting: RHB Junior Moore 0-0: Foul Ball, location: 2F
0-1: Foul Ball, location: 2F
0-2: Strikes out swinging
Batting: RHB Butch Harris 0-0: Ball
1-0: Ball
2-0: Ball
3-0: Base on Balls
Batting: RHB Pat Casey 0-0: Foul Ball, location: 2F
0-1: Ball
1-1: Called Strike
1-2: Strikes out swinging
Batting: RHB Larry Wolfe 0-0: Ball
1-0: Ball
2-0: Ground out 5-3 (Groundball, 56S, EV 68.8 MPH)
Top of the 1st over - 0 runs, 0 hits, 0 errors, 1 left on base; Calgary 0 - Madisonville 0
BOTTOM OF THE 1ST
Madisonville Miners batting - Pitching for Calgary Cannons : RHP Tom Carroll
Pitching: RHP Tom Carroll
Batting: RHB Leo Foster 0-0: Ball
1-0: Fly out, F7 (Line Drive, 7S, EV 93.8 MPH)
Batting: RHB Chris Arnold 0-0: Called Strike
0-1: Called Strike
0-2: Ball
1-2: Ball
2-2: Ball
3-2: SINGLE (Groundball, 6MD, EV 102.5 MPH)
Batting: LHB Greg Smith 0-0: Ball
1-0: Ball
2-0: Called Strike
2-1: Fielders Choice at 2nd, 4-6 (Groundball, 4, EV 80.6 MPH)
Batting: SHB Bobby Brown 0-0: Ball
Greg Smith is caught stealing 2nd base 2-6
Bottom of the 1st over - 0 runs, 1 hit, 0 errors, 0 left on base; Calgary 0 - Madisonville 0
TOP OF THE 2ND
Calgary Cannons batting - Pitching for Madisonville Miners : RHP Mark Breitenbach
Batting: RHB Hector Rivera 0-0: Called Strike
0-1: Ground out 6-3 (Groundball, 6, EV 84.4 MPH)
Batting: LHB Kenneth Bennett 0-0: SINGLE (Line Drive, 4MD, EV 103.1 MPH)
Batting: RHB Kelvin Chapman 0-0: Ball
1-0: Fly out, F9 (Flyball, 9, EV 90.0 MPH)
Batting: RHB Jim Unknown 0-0: Ball
1-0: Called Strike
1-1: Foul Ball, location: 2F
1-2: Strikes out swinging
Top of the 2nd over - 0 runs, 1 hit, 0 errors, 1 left on base; Calgary 0 - Madisonville 0
BOTTOM OF THE 2ND
Madisonville Miners batting - Pitching for Calgary Cannons : RHP Tom Carroll
Batting: SHB Bobby Brown 0-0: Ball
1-0: Called Strike
1-1: Ball
2-1: Called Strike
2-2: Foul Ball, location: 5F
2-2: Foul Ball, location: 3SF
2-2: Ball
3-2: Foul Ball, location: 3F
3-2: Strikes out swinging
Batting: RHB Ellie Rodriguez 0-0: Foul Ball, location: 2F
0-1: Ball
1-1: Ball
2-1: Ball
3-1: Swinging Strike
3-2: Base on Balls
Batting: RHB Paul Herring 0-0: Ball
1-0: Called Strike
1-1: Fly out, F7 (Flyball, 7S, EV 91.3 MPH)
Batting: LHB Larry Whisenton 0-0: Ball
1-0: Ball
2-0: Called Strike
2-1: Foul Ball, location: 7LDF
2-2: Ball
3-2: Foul Ball, location: 7LSF
3-2: Foul Ball, location: 3FF
3-2: Base on Balls
Ellie Rodriguez to second
Batting: LHB Jim Unknown 0-0: SINGLE (Line Drive, 89S, EV 105.6 MPH)
Ellie Rodriguez to third
Larry Whisenton to second
Runner from 3rd tries for Home, SAFE, throw by RF to home
Batting: RHB Mark Breitenbach 0-0: Ball
1-0: Fielders Choice at 2nd, 6-4 (Groundball, 6, EV 80.0 MPH)
Bottom of the 2nd over - 1 run, 1 hit, 0 errors, 2 left on base; Calgary 0 - Madisonville 1
TOP OF THE 3RD
Calgary Cannons batting - Pitching for Madisonville Miners : RHP Mark Breitenbach
Batting: LHB Tom Carroll 0-0: Ball
1-0: Called Strike
1-1: Swinging Strike
1-2: SOLO HOME RUN (Flyball, 9D, EV 99.4 MPH), Distance : 383 ft
Batting: RHB Junior Moore 0-0: Ball
1-0: Called Strike
1-1: Ball
2-1: Ball
3-1: SINGLE (Line Drive, 6MD, EV 98.1 MPH)
Batting: RHB Butch Harris 0-0: Called Strike
0-1: Ball
1-1: Called Strike
1-2: DOUBLE (Groundball, 5L, EV 100.6 MPH)
Junior Moore to third
Batting: RHB Pat Casey 0-0: Ball
1-0: Called Strike
1-1: Swinging Strike
1-2: Ball
2-2: Ball
3-2: Fly out, F8 (Flyball, 8LS, EV 86.3 MPH)
Batting: RHB Larry Wolfe 0-0: Called Strike
0-1: Ball
1-1: Fly out, F3 (Popup, 3F, EV 64.4 MPH)
Batting: RHB Hector Rivera 0-0: Ball
1-0: Ball
2-0: Ball
3-0: Called Strike
3-1: Ground out 5-3 (Groundball, 56S, EV 85.6 MPH)
Top of the 3rd over - 1 run, 3 hits, 0 errors, 2 left on base; Calgary 1 - Madisonville 1
BOTTOM OF THE 3RD
Madisonville Miners batting - Pitching for Calgary Cannons : RHP Tom Carroll
Batting: RHB Leo Foster 0-0: Foul Ball, location: 9LMF
0-1: Ground out 6-3 (Groundball, 6, EV 104.4 MPH)
Batting: RHB Chris Arnold 0-0: Called Strike
0-1: Ball
1-1: Fly out, F4 (Popup, 4, EV 75.6 MPH)
Batting: LHB Greg Smith 0-0: Ball
1-0: Ground out 5-3 (Groundball, 56S, EV 93.8 MPH)
Bottom of the 3rd over - 0 runs, 0 hits, 0 errors, 0 left on base; Calgary 1 - Madisonville 1
TOP OF THE 4TH
Calgary Cannons batting - Pitching for Madisonville Miners : RHP Mark Breitenbach
Batting: LHB Kenneth Bennett 0-0: Ball
1-0: Ball
2-0: Called Strike
2-1: Ball
3-1: Base on Balls
Batting: RHB Kelvin Chapman 0-0: Bunted foul
0-1: Bunt missed!
0-2: Strikes out swinging
Batting: RHB Jim Unknown 0-0: Swinging Strike
0-1: Ball
1-1: Swinging Strike
1-2: Strikes out swinging
Batting: LHB Tom Carroll 0-0: Called Strike
0-1: Ball
1-1: Swinging Strike
1-2: Strikes out swinging
Top of the 4th over - 0 runs, 0 hits, 0 errors, 1 left on base; Calgary 1 - Madisonville 1
BOTTOM OF THE 4TH
Madisonville Miners batting - Pitching for Calgary Cannons : RHP Tom Carroll
Batting: SHB Bobby Brown 0-0: Ball
1-0: Ball
2-0: Fly out, F8 (Flyball, 8LD, EV 82.5 MPH)
Batting: RHB Ellie Rodriguez 0-0: Ball
1-0: Foul Ball, location: 3FF
1-1: Ball
2-1: Called Strike
2-2: Foul Ball, location: 7LSF
2-2: Ball
3-2: Base on Balls
Batting: RHB Paul Herring 0-0: Called Strike
0-1: Ball
1-1: Ball
2-1: Fly out, F8 (Flyball, 8LM, EV 92.5 MPH)
Batting: LHB Larry Whisenton 0-0: Ball
1-0: Called Strike
1-1: Ball
2-1: Ball
3-1: Called Strike
3-2: Strikes out looking
Bottom of the 4th over - 0 runs, 0 hits, 0 errors, 1 left on base; Calgary 1 - Madisonville 1
TOP OF THE 5TH
Calgary Cannons batting - Pitching for Madisonville Miners : RHP Mark Breitenbach
Batting: RHB Junior Moore 0-0: Ground out 4-3 (Groundball, 4S, EV 87.5 MPH)
Batting: RHB Butch Harris 0-0: Ball
1-0: Foul Ball, location: 2F
1-1: Swinging Strike
1-2: Ground out 6-3 (Groundball, 6, EV 85.0 MPH)
Batting: RHB Pat Casey 0-0: Ball
1-0: Ball
2-0: Called Strike
2-1: Ball
3-1: Base on Balls
Batting: RHB Larry Wolfe 0-0: Swinging Strike
0-1: 2-RUN HOME RUN (Flyball, 9D, EV 98.1 MPH), Distance : 405 ft
Batting: RHB Hector Rivera 0-0: Ball
1-0: Ball
2-0: Foul Ball, location: 3F
2-1: Ball
3-1: Base on Balls
Batting: LHB Kenneth Bennett 0-0: Ball
1-0: Ball
2-0: Called Strike
2-1: Called Strike
2-2: Fielders Choice at 2nd, 5-4 (Groundball, 5, EV 85.6 MPH)
Top of the 5th over - 2 runs, 1 hit, 0 errors, 1 left on base; Calgary 3 - Madisonville 1
BOTTOM OF THE 5TH
Madisonville Miners batting - Pitching for Calgary Cannons : RHP Tom Carroll
Batting: LHB Jim Unknown 0-0: Ball
1-0: Ball
2-0: Called Strike
2-1: Foul Ball, location: 3F
2-2: Ball
3-2: Fly out, F5 (Popup, 56S, EV 83.8 MPH)
Batting: RHB Mark Breitenbach 0-0: Called Strike
0-1: Ball
1-1: Foul Ball, location: 23F
1-2: Foul Ball, location: 9LDF
1-2: Ball
2-2: Foul Ball, location: 3F
2-2: SINGLE (Line Drive, 7LS, EV 100.0 MPH)
Batting: RHB Leo Foster 0-0: SINGLE (Groundball, 34D, EV 107.5 MPH)
Mark Breitenbach to second
Runner from 2nd tries for 3rd, SAFE, throw by RF made at trailing runner, OUT! 9-6
Batting: RHB Chris Arnold 0-0: Ball
1-0: Called Strike
1-1: Swinging Strike
1-2: SINGLE (Line Drive, 7LS, EV 108.1 MPH)
Mark Breitenbach scores
Batting: LHB Greg Smith 0-0: Called Strike
0-1: Foul Ball, location: 7LMF
0-2: Ball
1-2: SINGLE (Groundball, 5S, EV 85.0 MPH)
Chris Arnold to second
Batting: SHB Bobby Brown 0-0: Fly out, F7 (Flyball, 7D, EV 107.5 MPH)
Bottom of the 5th over - 1 run, 4 hits, 0 errors, 2 left on base; Calgary 3 - Madisonville 2
TOP OF THE 6TH
Calgary Cannons batting - Pitching for Madisonville Miners : RHP Mark Breitenbach
Batting: RHB Kelvin Chapman 0-0: Foul Ball, location: 2F
0-1: Ground out 5-3 (Groundball, 5S, EV 68.8 MPH)
Batting: RHB Jim Unknown 0-0: Ball
1-0: Ball
2-0: Ball
3-0: Called Strike
3-1: Swinging Strike
3-2: Base on Balls
Pinch Hitting: RHB Dan Cataline 0-0: Called Strike
0-1: Ball
1-1: SINGLE (Line Drive, 34D, EV 105.0 MPH)
Jim Unknown to second
Batting: RHB Junior Moore 0-0: Ball
1-0: Called Strike
1-1: Swinging Strike
1-2: Ball
2-2: Grounds into double play, 5-4-3 (Groundball, 56, EV 81.3 MPH)
Top of the 6th over - 0 runs, 1 hit, 0 errors, 1 left on base; Calgary 3 - Madisonville 2
BOTTOM OF THE 6TH
Madisonville Miners batting - Pitching for Calgary Cannons : RHP Tom Carroll
Pitching: RHP Jim Dorsey
Batting: RHB Ellie Rodriguez 0-0: Called Strike
0-1: Foul Ball, location: 5F
0-2: Ball
1-2: Foul Ball, location: 23F
1-2: Foul Ball, location: 25F
1-2: Ball
2-2: Ball
3-2: Foul Ball, location: 2LF
3-2: Fly out, F3 (Popup, 3SF, EV 78.8 MPH)
Pinch Hitting: RHB Steve Brye 0-0: Ball
1-0: Ground out 4-3 (Groundball, 4, EV 96.9 MPH)
Batting: LHB Larry Whisenton 0-0: Ball
1-0: SINGLE (Flyball, 7, EV 82.5 MPH)
Batting: LHB Jim Unknown 0-0: Ball
1-0: Ball
2-0: Called Strike
2-1: Fly out, F9 (Flyball, 9S, EV 97.5 MPH)
Bottom of the 6th over - 0 runs, 1 hit, 0 errors, 1 left on base; Calgary 3 - Madisonville 2
TOP OF THE 7TH
Calgary Cannons batting - Pitching for Madisonville Miners : RHP Mark Breitenbach
Now at 1B: Greg Smith
Now in RF: Edgar Ward
Batting: RHB Butch Harris 0-0: Called Strike
0-1: DOUBLE (Groundball, 5L, EV 101.3 MPH)
Batting: RHB Pat Casey 0-0: Ball
Wild Pitch!
Butch Harris to third
1-0: Ground out 4-3 (Groundball, 4, EV 84.4 MPH)
Batting: RHB Larry Wolfe 0-0: Ball
1-0: Ball
2-0: Ball
3-0: Called Strike
3-1: Foul Ball, location: 2F
3-2: Foul Ball, location: 2F
3-2: Base on Balls
Batting: RHB Hector Rivera 0-0: Ball
1-0: Ball
2-0: Ball
3-0: Fly out, F9 (Flyball, 9, EV 85.6 MPH)
Throwing error, E9
Butch Harris scores
Larry Wolfe to second
Batting: LHB Kenneth Bennett 0-0: Ball
1-0: Fly out, F9 (Flyball, 89D, EV 107.5 MPH)
Top of the 7th over - 1 run, 1 hit, 1 error, 1 left on base; Calgary 4 - Madisonville 2
BOTTOM OF THE 7TH
Madisonville Miners batting - Pitching for Calgary Cannons : RHP Jim Dorsey
Batting: RHB Mark Breitenbach 0-0: Called Strike
0-1: Swinging Strike
0-2: Ball
1-2: Ball
2-2: Strikes out swinging
Batting: RHB Leo Foster 0-0: SINGLE (Line Drive, 3D, EV 109.4 MPH)
Batting: RHB Chris Arnold 0-0: Ball
1-0: Foul Ball, location: 2RF
1-1: Ball
2-1: Called Strike
Leo Foster is caught stealing 2nd base 2-4
2-2: Ball
3-2: Reached on error, E6 (Groundball, 6, EV 103.8 MPH)
Batting: LHB Greg Smith 0-0: Ball
1-0: Swinging Strike
1-1: Ball
2-1: Called Strike
2-2: Foul Ball, location: 3SF
2-2: Ball
3-2: Base on Balls
Chris Arnold to second
Pitching: RHP Jerry Johnson
Batting: SHB Bobby Brown 0-0: Ball
1-0: Ball
2-0: Foul Ball, location: 2F
2-1: Ball
3-1: Called Strike
3-2: Strikes out swinging
Bottom of the 7th over - 0 runs, 1 hit, 1 error, 2 left on base; Calgary 4 - Madisonville 2
TOP OF THE 8TH
Calgary Cannons batting - Pitching for Madisonville Miners : RHP Mark Breitenbach
Batting: RHB Kelvin Chapman 0-0: Called Strike
0-1: Called Strike
0-2: Foul Ball, location: 2F
0-2: Ball
1-2: Ball
2-2: Foul Ball, location: 2F
2-2: Ball
3-2: Foul Ball, location: 9LDF
3-2: Base on Balls
Batting: RHB Jim Unknown 0-0: Sac Bunt to 25 - play at first, batter OUT! 5-3
Kelvin Chapman to second
Batting: RHB Jerry Johnson 0-0: Ball
1-0: Swinging Strike
1-1: Called Strike
1-2: Strikes out swinging
Batting: RHB Junior Moore 0-0: Ball
1-0: Ground out 5-3 (Groundball, 56S, EV 76.3 MPH)
Top of the 8th over - 0 runs, 0 hits, 0 errors, 1 left on base; Calgary 4 - Madisonville 2
BOTTOM OF THE 8TH
Madisonville Miners batting - Pitching for Calgary Cannons : RHP Jerry Johnson
Batting: RHB Ellie Rodriguez 0-0: Ball
1-0: Foul Ball, location: 23F
1-1: Called Strike
1-2: Ball
2-2: Ground out 5-3 (Groundball, 5, EV 83.8 MPH)
Batting: LHB Edgar Ward 0-0: Ball
1-0: Ball
2-0: SINGLE (Groundball, 4, EV 81.9 MPH) (infield hit)
Pinch Hitting: LHB Billy Baldwin 0-0: Called Strike
0-1: Foul Ball, location: 9LSF
0-2: Ball
1-2: Foul Ball, location: 7LSF
1-2: Foul Ball, location: 2F
1-2: Ball
2-2: Ball
3-2: Strikes out looking
Edgar Ward steals 2nd base
Batter strikes out.
Batting: LHB Jim Unknown 0-0: Ball
1-0: Ball
2-0: Ball
3-0: Called Strike
3-1: Base on Balls
Pinch Hitting: RHB Larry Cox 0-0: Ball
1-0: Fielders Choice at 2nd, 5-4 (Groundball, 56, EV 83.1 MPH)
Bottom of the 8th over - 0 runs, 1 hit, 0 errors, 2 left on base; Calgary 4 - Madisonville 2
TOP OF THE 9TH
Calgary Cannons batting - Pitching for Madisonville Miners : RHP Mark Breitenbach
Pitching: LHP Mark Davis
Now in LF: Billy Baldwin
Batting: RHB Butch Harris 0-0: Called Strike
0-1: Ball
1-1: Ball
2-1: Ball
3-1: Foul Ball, location: 3FF
3-2: Base on Balls
Batting: RHB Pat Casey 0-0: Foul Ball, location: 2F
0-1: Ball
1-1: Ball
2-1: Ball
3-1: Fly out, F8 (Flyball, 8LS, EV 90.0 MPH)
Batting: RHB Larry Wolfe 0-0: SINGLE (Groundball, 34, EV 84.4 MPH)
Butch Harris to second
Runner from 2nd tries for 3rd, SAFE, throw by RF made to third
Batting: RHB Hector Rivera 0-0: DOUBLE (Flyball, 8RXD, EV 95.6 MPH)
Butch Harris scores
Larry Wolfe to third
Runner from 3rd tries for Home, throw by CF and OUT! 8-4-2
Batting: LHB Kenneth Bennett 0-0: Ball
1-0: Called Strike
1-1: Ball
2-1: Foul Ball, location: 2F
2-2: Ground out 6-3 (Groundball, 6, EV 80.0 MPH)
Top of the 9th over - 1 run, 2 hits, 0 errors, 1 left on base; Calgary 5 - Madisonville 2
BOTTOM OF THE 9TH
Madisonville Miners batting - Pitching for Calgary Cannons : RHP Jerry Johnson
Now in LF: Steve Greenberg
Batting: RHB Leo Foster 0-0: Ball
1-0: Ground out 6-3 (Groundball, 56, EV 108.8 MPH)
Pinch Hitting: LHB Gary Boyce 0-0: Called Strike
0-1: Foul Ball, location: 2F
0-2: Ball
1-2: Foul Ball, location: 3FF
1-2: Ball
2-2: Strikes out swinging
Batting: LHB Greg Smith 0-0: Called Strike
0-1: Foul Ball, location: 23F
0-2: Foul Ball, location: 2F
0-2: Strikes out looking
Bottom of the 9th over - 0 runs, 0 hits, 0 errors, 0 left on base; Calgary 5 - Madisonville 2
Saturday, December 30th , 2023 - OOTP Baseball 24.11 Build 85